 Dungeon Crawl Stone Soup version 0.26.1-11-gd32895ea62 (webtiles) character file.

Game seed: 16464906178693958073

31562 right the Warrior (level 13, 0/127 HPs)
             Began as a Black Draconian Berserker on May 19, 2021.
             Was an Elder of Trog.
             Succumbed to a spriggan's poison
             ... on level 1 of the Lair of Beasts.
             The game lasted 01:18:22 (23006 turns).

right the Warrior (Black Draconian Berserker)      Turns: 23006, Time: 01:18:23

Health: 0/127      AC: 10    Str: 25    XL:     13   Next: 26%
Magic:  13/13      EV: 28    Int:  7    God:    Trog [****..]
Gold:   941        SH:  0    Dex: 11    Spells: 12/12 levels left

rFire    + . .     SeeInvis .   b - +5 battleaxe (freeze)
rCold    x . .     Faith    .   (shield currently unavailable)
rNeg     . . .     Spirit   .   (armour unavailable)
rPois    .         Reflect  .   (helmet restricted)
rElec    +         Harm     .   (no cloak)
rCorr    .         Rampage  +   z - +0 pair of gloves
Will     .....                  y - +0 pair of boots {rampage}
Stlth    +.........             A - amulet of the acrobat
HPRegen  0.31/turn              T - ring of fire
MPRegen  0.13/turn              O - ring of flight

@: lethally poisoned (0 -> -22), berserk cooldown, acrobat, slowed, very slow
A: breathe lightning, unfitting armour, electricity resistance, cold-blooded, AC
+8
a: Breathe Lightning, Renounce Religion, Evoke Flight, Berserk, Trog's Hand,
Brothers in Arms


You were on level 1 of the Lair of Beasts.
You worshipped Trog.
Trog was greatly pleased with you.
You visited 3 branches of the dungeon, and saw 16 of its levels.
You also visited: Sewer and Volcano.

You collected 965 gold pieces.
You spent 24 gold pieces at shops.

Inventory:

Hand Weapons
 a - a +2 falchion of flaming
 b - a +5 battleaxe of freezing (weapon)
 v - a +0 war axe
Missiles
 g - 511 stones
 F - 54 poisoned darts
 L - 4 atropa-tipped darts
Armour
 y - a +0 pair of boots of rampaging (worn)
 z - a +0 pair of gloves (worn)
 I - a +0 pair of boots
Jewellery
 A - an amulet of the acrobat (around neck)
 B - an uncursed amulet of magic regeneration
 M - an uncursed ring of magical power
 O - a ring of flight (right hand)
 S - the amulet of Luel {Reflect rElec rPois Will- SH+5}
   (You found it on level 3 of the Lair of Beasts)

   [amulet of reflection]

   It shields you and reflects attacks.
   It insulates you from electricity.
   It protects you from poison.
   It affects your willpower, your defense against some magical effects.
   It affects your SH (+5).
 T - a ring of fire (left hand)
Wands
 e - a wand of flame (33)
 x - a wand of paralysis (22)
 E - a wand of enslavement (6)
 H - a wand of digging (7)
 P - a wand of iceblast (7)
 R - a wand of polymorph (7)
Scrolls
 c - 2 scrolls of fear
 h - 6 scrolls of teleportation
 j - 4 scrolls of blinking
 k - 2 scrolls of enchant armour
 m - 2 scrolls of immolation
 o - 12 scrolls of remove curse
 r - 2 scrolls of random uselessness {unknown}
 u - 3 scrolls of fog
 w - a scroll of magic mapping
 C - 4 scrolls of enchant weapon
Potions
 d - 5 potions of curing
 f - a potion of heal wounds
 i - 5 potions of resistance
 l - 2 potions of invisibility
 p - 3 potions of berserk rage
 q - 3 potions of mutation
 s - 2 potions of magic
 t - 2 potions of ambrosia
 D - a potion of flight
 G - 2 potions of lignification
 N - a potion of cancellation
Miscellaneous
 K - a condenser vane


   Skills:
 + Level 15.4 Fighting
 + Level 14.3 Axes
 - Level 3.0 Dodging
 - Level 10.0 Evocations


You had 12 spell levels left.
You didn't know any spells.
Your spell library was empty.

Dungeon Overview and Level Annotations

Branches:
Dungeon (11/15)            Temple (1/1) D:5            Lair (4/6) D:10
  Swamp (0/4) Lair:4        Snake (0/4) Lair:3          Orc (0/2) D:10
  Sewer (visited)         Volcano (visited)

Altars:
Ashenzari
Cheibriados
Dithmenos
Elyvilon
Fedhas
Gozag
Hepliaklqana
Kikubaaqudgha
Makhleb
Nemelex Xobeh
Okawaru
Qazlal
Sif Muna
Trog
Uskayaw
Vehumet
Wu Jian
Xom
Yredelemnul
Zin
The Shining One

Shops:
D:7 =   D:10 ?

Annotations:
Lair:1 Contigo's ghost, journeyman MiBe


Innate Abilities, Weirdness & Mutations

You can breathe wild blasts of lightning.
Your glossy black scales are hard. (AC +8)
You cannot fit into any form of body armour.
You are resistant to electric shocks. (rElec)
You are cold-blooded and may be slowed by cold attacks.


Message History

Contigo's ghost misses you.
You are too berserk!
You closely miss Contigo's ghost.
Contigo's ghost is moderately damaged.
You hit the spriggan. You freeze the spriggan.
Your skin stops crawling.
You feel less strong-willed.
You feel sick.
The spriggan hits you from afar with a +0 spear!
* * * LOW HITPOINT WARNING * * *
Contigo's ghost hits you!
* * * LOW HITPOINT WARNING * * *
The spriggan closely misses you.
The spriggan hits you from afar with a +0 spear.
* * * LOW HITPOINT WARNING * * *
You are no longer berserk.
You are exhausted.
You feel yourself slow down.
* * * LOW HITPOINT WARNING * * *
You feel sick.
You die...

######.........##..###.###P#..###
.................................
........................)....†...
.................................
.................................
............♣♣♣♣.................
.........♣♣♣♣..♣.......>.........
........♣♣.♣..♣#.................
........♣....i#8@................
########♣[♣.iW#...###############
♣...♣i)...# ♣.. ♣.#..## ♣ ♣.#8.#
♣...♣♣#.# ♣♣♣♣..♣.# ♣♣♣♣##


You could see 3 spriggans and Contigo's ghost.

Vanquished Creatures
  A fire dragon (Volcano)
  Harold (Lair:2)
  A boulder beetle (D:9)
  4 hydras
  A two-headed ogre (D:11)
  A spriggan (Lair:1)
  A lindwurm (Volcano)
  A manticore (D:8)
  3 black mambas
  3 elephants (Lair:4)
  Joseph (D:8)
  10 cane toads
  2 torpor snails (Lair:4)
  9 komodo dragons
  3 polar bears
  A hornet (Lair:1)
  5 blink frogs (Lair:4)
  6 dream sheep (Lair:4)
  Sigmund (D:2)
  A wyvern (Lair:1)
  16 fire bats
  A wraith (D:10)
  11 yaks
  3 basilisks
  A steam dragon (Volcano)
  4 nagas (Lair:3)
  2 hell hounds (Volcano)
  17 water moccasins
  8 orc warriors
  Duvessa (D:5)
  3 black bears
  2 ice beasts
  2 sky beasts (D:10)
  6 ogres
  5 wolves
  2 centaurs
  A big kobold (D:6)
  23 bullfrogs
  Dowan (D:5)
  2 scorpions (D:9)
  5 killer bees (D:9)
  3 jellies
  9 wights
  2 bullfrog zombies
  6 lava snakes (Volcano)
  2 centaur zombies
  2 hounds
  A bullfrog skeleton (D:5)
  8 orc priests
  A centaur skeleton (D:7)
  2 iguanas
  Terence (D:3)
  14 orc wizards
  7 worker ants
  2 hound skeletons
  3 gnolls (D:5)
  2 worker ant zombies (D:9)
  A howler monkey skeleton (D:5)
  15 adders
  4 river rats (D:3)
  2 shadow imps
  A white imp (D:5)
  An ooze (D:3)
  An adder skeleton (D:9)
  4 worms
  2 dart slugs
  58 orcs
  3 giant cockroaches
  4 goblins
  3 hobgoblins
  2 jackals (Sewer)
  14 kobolds
  2 quokkas
  2 ball pythons
  7 bats
  2 frilled lizards
  A leopard gecko skeleton (D:7)
  2 quokka skeletons
  7 rats
375 creatures vanquished.

Vanquished Creatures (others)
  4 fungi
  17 plants
21 creatures vanquished.

Grand Total: 396 creatures vanquished

Notes
Turn   | Place    | Note
-------+----------+-------------------------------------------
     0 | D:1      | right the Draconian Berserker began the quest for the Orb.
     0 | D:1      | Reached XP level 1. HP: 19/19 MP: 1/1
   561 | D:1      | Reached XP level 2. HP: 25/26 MP: 2/2
  1307 | D:2      | Reached XP level 3. HP: 19/33 MP: 3/3
  1446 | D:2      | Reached skill level 4 in Fighting
  1967 | D:2      | Reached ** piety under Trog
  2021 | D:2      | Noticed Sigmund
  2162 | D:2      | Killed Sigmund
  2163 | D:2      | Reached skill level 5 in Fighting
  2163 | D:2      | Reached XP level 4. HP: 42/42 MP: 4/4
  2163 | D:2      | Reached XP level 5. HP: 48/48 MP: 5/5
  2355 | D:3      | Noticed Terence
  2366 | D:3      | Killed Terence
  2367 | D:3      | Reached skill level 5 in Axes
  2404 | D:3      | Reached XP level 6. HP: 42/57 MP: 6/6
  2445 | D:3      | Found a glowing drain.
  2450 | Sewer    | Entered a sewer
  2589 | Sewer    | Noticed a water moccasin
  2605 | Sewer    | Killed a water moccasin
  2606 | Sewer    | Reached skill level 6 in Fighting
  3021 | D:3      | Found an ancient bone altar of Kikubaaqudgha.
  3312 | D:3      | Found a blossoming altar of Fedhas.
  3786 | D:4      | Found a shadowy altar of Dithmenos.
  3915 | D:4      | Your scales start taking on a glossy black colour.
  3915 | D:4      | Reached XP level 7. HP: 53/64 MP: 7/7
  3915 | D:4      | Gained mutation: You are resistant to electric shocks.
                  | (rElec) [Black Draconian growth]
  4525 | D:5      | Entered Level 5 of the Dungeon
  4601 | D:5      | Noticed Dowan
  4618 | D:5      | Killed Dowan
  4621 | D:5      | Reached skill level 7 in Fighting
  4631 | D:5      | Noticed Duvessa
  4636 | D:5      | Killed Duvessa
  4930 | D:5      | Found a staircase to the Ecumenical Temple.
  4961 | Temple   | Entered the Ecumenical Temple
  5156 | D:5      | Found a sparkling altar of Nemelex Xobeh.
  5164 | D:5      | Found a white marble altar of Elyvilon.
  5775 | D:5      | Found a bloodstained altar of Trog.
  5879 | D:6      | Reached skill level 8 in Fighting
  5879 | D:6      | Reached XP level 8. HP: 37/74 MP: 8/8
  6314 | D:6      | HP: 2/74 [orc warrior/+0 dire flail (14)]
  6811 | D:6      | Reached skill level 9 in Fighting
  7382 | D:6      | Found a shimmering altar of Xom.
  8069 | D:7      | Found an opulent altar of Gozag.
  8557 | D:7      | Reached XP level 9. HP: 57/85 MP: 9/9
  9057 | D:7      | Found Obusyb's Jewellery Shop.
  9407 | D:8      | Noticed Joseph
  9419 | D:8      | Killed Joseph
  9420 | D:8      | Reached skill level 10 in Fighting
 10235 | D:8      | Noticed a manticore
 10239 | D:8      | Killed a manticore
 10240 | D:8      | Reached skill level 10 in Axes
 10632 | D:9      | Reached skill level 11 in Fighting
 10678 | D:9      | Reached skill level 1 in Evocations
 10835 | D:9      | Found a glowing silver altar of Zin.
 10837 | D:9      | Found a glowing golden altar of the Shining One.
 10840 | D:9      | Reached *** piety under Trog
 11283 | D:9      | Reached XP level 10. HP: 86/96 MP: 10/10
 11763 | D:9      | Found a broken altar of Ashenzari.
 11917 | D:9      | Found a transporter.
 11917 | D:9      | Found a transporter.
 11918 | D:9      | Noticed a boulder beetle
 12337 | D:9      | Killed a boulder beetle
 12376 | D:10     | Entered Level 10 of the Dungeon
 12378 | D:10     | Found a staircase to the Lair.
 12420 | D:10     | Reached skill level 12 in Fighting
 12683 | D:10     | Reached skill level 5 in Evocations
 12690 | D:10     | Found a staircase to the Orcish Mines.
 13050 | D:10     | Reached **** piety under Trog
 13917 | D:10     | Found Iqid Qof's Magic Scroll Shoppe.
 14011 | D:10     | Bought a scroll of identify for 24 gold pieces
 14223 | D:10     | Reached XP level 11. HP: 46/105 MP: 11/11
 14610 | D:11     | Noticed a two-headed ogre
 14621 | D:11     | Killed a two-headed ogre
 14622 | D:11     | Noticed a cyan ugly thing
 14653 | Lair:1   | Entered Level 1 of the Lair of Beasts
 14983 | Lair:1   | Reached skill level 13 in Fighting
 16086 | Lair:1   | Found a runed translucent door.
 16087 | Lair:1   | Identified the +8 trident of the Lumpy Towns {venom, rPois
                  | MP+9 Str+3}
 16088 | Lair:1   | Noticed Contigo's ghost (journeyman MiBe)
 16088 | Lair:1   | Noticed a spriggan rider
 16111 | Lair:1   | Got a masterwork arbalest
 16112 | Lair:1   | Identified the cursed +0 arbalest of the Twisting Shrike
                  | {venom, Str+3} (You found it on level 1 of the Lair of
                  | Beasts)
 16142 | Lair:1   | Found the +3 pair of gauntlets of War {Slay+5}
 16286 | Lair:2   | Noticed a four-headed hydra
 16347 | Lair:2   | Killed a one-headed hydra
 16370 | Lair:2   | Noticed Harold
 16383 | Lair:2   | Killed Harold
 17392 | Lair:3   | Reached XP level 12. HP: 116/116 MP: 12/12
 17659 | Lair:3   | Noticed a seven-headed hydra
 17670 | Lair:3   | Killed a four-headed hydra
 18547 | Lair:3   | Reached skill level 14 in Fighting
 18627 | Lair:3   | Noticed a six-headed hydra
 18656 | Lair:3   | Killed a three-headed hydra
 18764 | Lair:3   | Got an ancient diamond amulet
 18873 | Lair:3   | Found a staircase to the Snake Pit.
 19761 | Lair:4   | Found a dark tunnel.
 19812 | Volcano  | Entered a volcano
 20424 | Volcano  | Noticed a fire dragon
 20448 | Volcano  | Killed a fire dragon
 20861 | Volcano  | Found a burning altar of Makhleb.
 20911 | Volcano  | Found a radiant altar of Vehumet.
 21090 | Lair:4   | Identified the amulet of Luel {Reflect rElec rPois Will-
                  | SH+5} (You found it on level 3 of the Lair of Beasts)
 21542 | Lair:4   | Reached skill level 10 in Evocations
 21628 | Lair:4   | Found a staircase to the Swamp.
 21645 | Lair:4   | Reached XP level 13. HP: 99/125 MP: 13/13
 21834 | Lair:4   | Reached skill level 15 in Fighting
 23004 | Lair:1   | HP: 8/190 [spriggan/+0 spear (6)]
 23005 | Lair:1   | HP: 3/127 [poisoned by a spriggan]
 23006 | Lair:1   | Succumbed to a spriggan's poison

Illustrated notes

Levels and vault maps discovered:
D:1:      tarquinn_simple_flora_water_e, layout_basic, serial_curves,
          eino_curves_02, eino_curves_04
D:2:      layout_rooms, serial_aquarium, aquarium_bridge_island_small
          [aquarium_subvault_small_water, aquarium_subvault_bridge,
          aquarium_subvault_window, aquarium_subvault_wall,
          aquarium_subvault_window], aquarium_window_fake, aquarium_window_3,
          aquarium_window_1, aquarium_window_2, aquarium_view_2b, uniq_sigmund
D:3:      layout_basic, general_overflow_altar, fedhas_ov_isle_minmay,
          lightli_sewer_entry_pipes, st_stairs_14, uniq_terence
D:4:      layout_layer_cave, lemuel_round_altar
D:5:      layout_basic, marbit_many_paths, minitemple,
          minmay_temple_entry_gardened_gates, uniq_duvessa
D:6:      layout_layer_cave, kennysheep_little_box, grunt_ministairs_12
D:7:      wander_river, layout_loops_ring, nicolae_gozag_seed_capital,
          serial_shops, nicolae_shop_statue_plus, serial_glass, glass_columns_b,
          glass_columns_a, nicolae_zen_rock_garden
D:8:      layout_gridville, nicolae_overflow_hidden_temple,
          grunt_decor_one_mirror, uniq_joseph
D:9:      gammafunk_boulding_lane, layout_basic, grunt_temple_overflow_open,
          overflow_temple_1_default
D:10:     layout_irregular_city, lair_entry_dummy, hiddenorc2_lemuel,
          serial_shops, shop_statue, kennysheep_opposing_triangles
D:11:     layout_roguey, serial_corexii_hall, corexii_hall_statues_i,
          corexii_hall_statues_x
Temple:   cyrus_temple_forest
Lair:1:   layout_big_grid, ebering_ghost_funeral_grove, beast_lair_carwin_9,
          grunt_megastairs_1
Lair:2:   layout_misc_corridors, lemuel_fruit_fields, uniq_harold
Lair:3:   layout_gridlike, guppyfry_snake_entry_island
Lair:4:   nzn_winding_woodlands_medium [nzn_winding_woodlands_5x5_cross,
          nzn_winding_woodlands_5x15_sawtooth,
          nzn_winding_woodlands_5x5_closed_star,
          nzn_winding_woodlands_5x5_checkerboard,
          nzn_winding_woodlands_center_diamonds,
          nzn_winding_woodlands_5x5_open_star,
          nzn_winding_woodlands_5x5_perimeter,
          nzn_winding_woodlands_5x15_split_checker,
          nzn_winding_woodlands_hourglass], layout_misc_corridors, swamp_mist,
          nicolae_volcano_entry_batcave, st_stairs_13, serial_bayou_shore_b

Skill      XL: |  1  2  3  4  5  6  7  8  9 10 11 12 13 |
---------------+----------------------------------------+-----
Dodging        | 3 |  3.0
Fighting       | 5 6 8 9 11 12 13 14 15 | 15.4
Axes           | 4 5 6 7 8 10 11 12 13 14 | 14.3
Evocations     | 2 5 7 10 | 10.0

Action                   |  1- 3 |  4- 6 |  7- 9 | 10-12 | 13-15 || total
-------------------------+-------+-------+-------+-------+-------++-------
Melee: Hand axe          |   117 |    95 |       |       |       ||   212
       Tailslap          |    12 |    10 |    35 |    79 |    15 ||   151
       War axe           |       |    48 |   240 |    75 |       ||   363
       Battleaxe         |       |       |    69 |   470 |    66 ||   605
       Falchion          |       |       |       |    22 |     5 ||    27
Invok: Berserk           |     1 |     3 |     9 |     7 |     2 ||    22
       Trog's Hand       |     1 |     3 |     8 |    14 |     3 ||    29
 Abil: Breathe Lightning |       |       |     1 |     1 |     1 ||     3
       Evoke Flight      |       |       |       |     1 |       ||     1
  Use: Scroll            |       |     9 |     5 |    11 |     2 ||    27
       Potion            |       |       |       |     2 |     1 ||     3
 Stab: Sleeping          |     1 |       |       |     4 |       ||     5
Armor: Skin              |    47 |    41 |    92 |   167 |    15 ||   362
Dodge: Dodged            |    71 |    95 |   234 |   403 |    51 ||   854
       Rpst.: Falchion   |       |       |       |     2 |       ||     2
